 Dungeon Crawl Stone Soup version 0.29.0-4-gdea44cf6ec (webtiles) character file.

Game seed: 12965263531028619954

37 qw the Chopper (level 3, -2/21 HPs)
             Began as a Tengu Warper on Aug 28, 2022.
             Slain by Robin
             ... wielding a +0 spear
              (4 damage)
             ... on level 2 of the Dungeon.
             The game lasted 00:00:08 (1625 turns).

qw the Chopper (Tengu Warper)                       Turns: 1625, Time: 00:00:08

Health: -2/21      AC:  8    Str: 13    XL:     3   Next: 39%
Magic:  7/7        EV:  6    Int: 13    God:
Gold:   74         SH:  5    Dex: 13    Spells: 6/6 levels left

rFire   . . .      SeeInvis .   Y - +0 hand axe
rCold   . . .      Faith    .   (no shield)
rNeg    . . .      Spirit   .   e - +0 chain mail
rPois   .          Reflect  +   (helmet restricted)
rElec   .          Harm     .   (no cloak)
rCorr   .          Rampage  .   (no gloves)
Will    .....                   (boots unavailable)
Stlth   ..........              l - amulet of reflection
HPRegen 0.07/turn               (no ring)
MPRegen 0.10/turn               (no ring)

@: no status effects
A: beak, talons 3
a: no special abilities


You were on level 2 of the Dungeon.
You visited 1 branch of the dungeon, and saw 2 of its levels.

You collected 74 gold pieces.


Innate Abilities, Weirdness & Mutations

You have a beak for a mouth.
You have claws for feet.


   Skills:
 - Level 2.0 Fighting
 + Level 4.1 Axes
 - Level 1.0 Throwing
 - Level 1.1 Armour
 - Level 2.1 Dodging
 - Level 2.0 Spellcasting
 - Level 2.4 Translocations


You had 6 spell levels left.
You didn't know any spells.
Your spell library contained the following spells:

 Spells                   Type           Power      Damage    Failure   Level
 Blink                    Tloc           14%        N/A       99%         2
 Gell's Gravitas          Tloc           7%         N/A       100%        3
 Lesser Beckoning         Tloc           7%         N/A       100%        3
 Teleport Other           Tloc           7%         N/A       100%        3
 Manifold Assault         Tloc           7%         N/A       100%        5

Inventory:

Hand Weapons
 o - a +0 whip
 Y - a +0 hand axe (weapon)
Armour
 e - a +0 chain mail (worn)
Jewellery
 l - an amulet of reflection (around neck)
Scrolls
 a - a scroll of torment {unknown}
 h - a scroll of identify
Potions
 k - a potion of curing {unknown}
 n - 2 potions of cancellation {unknown}

Dungeon Overview and Level Annotations

Branches:
Dungeon (2/15)

Altars:

Annotations:
D:2 Robin


Message History

The bat barely misses you. The bat hits you but does no damage.
The goblin hits you but does no damage. You block Robin's attack.
You block the goblin's attack.
You hit the goblin but do no damage. You peck the goblin.
You kill the goblin!
You closely miss the goblin. You hit the hobgoblin but do no damage.
The bat hits you but does no damage. Robin hits you but does no damage.
The hobgoblin hits you. The goblin hits you but does no damage.
You hit the goblin. You claw the goblin.
You kill the goblin!
You closely miss the hobgoblin. You closely miss the goblin.
The hobgoblin hits you but does no damage.
Robin hits you but does no damage. You block the bat's attack.
You block the goblin's attack.
You barely miss the bat. Your punch misses the bat.
The bat is heavily wounded.
You completely miss the goblin. You hit the hobgoblin.
The bat hits you but does no damage. The hobgoblin hits you.
Robin hits you but does no damage. The goblin hits you but does no damage.
You barely miss the hobgoblin.
The hobgoblin is lightly wounded.
You closely miss the goblin. The bat barely misses you. The hobgoblin hits you.
Robin hits you from afar with a +0 spear.
The goblin hits you but does no damage. The bat hits you but does no damage.
You miss the bat. Your kick misses the bat. You peck the bat.
You kill the bat!
You hit the goblin.
You kill the goblin!
You barely miss the hobgoblin.
The hobgoblin hits you but does no damage.
Robin hits you from afar with a +0 spear.
You closely miss the hobgoblin. Your kick misses the hobgoblin.
The hobgoblin is lightly wounded.
Robin hits you from afar with a +0 spear.
The hobgoblin hits you but does no damage.
You hit the hobgoblin.
You kill the hobgoblin!
Robin hits you from afar with a +0 spear.
You die...

#............#..........
#............#..........
#....###+#.............#
+....'...#........######
#....##...........##....
#....##...........''....
#....##...........##....
#....##)).........###+##
#######@)...........#.#
#))#.....)......##
g...............##
......#..........##
.......#............
........#........#.##
......................
....#..###.###.........
#. ....#......


You could see Robin.

Vanquished Creatures
  A bat (D:2)
  4 endoplasms
  12 goblins
  5 hobgoblins
  6 ball pythons
  2 frilled lizards
  A kobold (D:2)
  2 rats (D:1)
33 creatures vanquished.

Notes
Turn   | Place    | Note
-------+----------+-------------------------------------------
     0 | D:1      | qw the Tengu Warper began the quest for the Orb.
     0 | D:1      | Reached XP level 1. HP: 12/12 MP: 4/4
     0 | D:1      | 0 ||| qw: Version: 0.1-a-89-g26bdef1
     0 | D:1      | 0 ||| qw: Game counter: 1406
     0 | D:1      | 0 ||| qw: Always use a shield: true
     0 | D:1      | 0 ||| qw: God list: Okawaru
     0 | D:1      | 0 ||| qw: Allow faded altars: false
     0 | D:1      | 0 ||| qw: Do Orc after D:15 true
     0 | D:1      | 0 ||| qw: Do second Lair branch before Depths: true
     0 | D:1      | 0 ||| qw: Lair rune preference: random
     0 | D:1      | 0 ||| qw: Plans: Normal
     0 | D:1      | 0 ||| PLANNING D:1-11
   285 | D:1      | 285 ||| Stepping ~*~*~tactically~*~*~ (stealth).
   292 | D:1      | 292 ||| Stepping ~*~*~tactically~*~*~ (stealth).
   294 | D:1      | 294 ||| Stepping ~*~*~tactically~*~*~ (stealth).
   318 | D:1      | 318 ||| Stepping ~*~*~tactically~*~*~ (stealth).
   320 | D:1      | 320 ||| Stepping ~*~*~tactically~*~*~ (stealth).
   322 | D:1      | 322 ||| Stepping ~*~*~tactically~*~*~ (stealth).
   323 | D:1      | 323 ||| Stepping ~*~*~tactically~*~*~ (stealth).
   324 | D:1      | 324 ||| Stepping ~*~*~tactically~*~*~ (stealth).
   326 | D:1      | 326 ||| Stepping ~*~*~tactically~*~*~ (stealth).
   330 | D:1      | Reached XP level 2. HP: 11/17 MP: 6/6
   333 | D:1      | Reached skill level 3 in Axes
  1142 | D:1      | 1142 ||| UPGRADING to +0 chain mail.
  1152 | D:1      | 1152 ||| DROPPING +0 leather armour.
  1153 | D:1      | 1153 ||| UPGRADING to amulet of reflection.
  1158 | D:1      | 1158 ||| READING 3 scrolls labelled KULUIX UNUO.
  1159 | D:1      | 1159 ||| READING 2 scrolls labelled QUSYUC BIGGEUJ.
  1160 | D:1      | 1160 ||| READING 3 scrolls labelled AHUAMES YCABB.
  1161 | D:1      | 1161 ||| READING scroll labelled XUAROUSESO.
  1162 | D:1      | 1162 ||| READING scroll labelled YTOAFI IBBA.
  1163 | D:1      | 1163 ||| DRINKING 2 clear potions.
  1164 | D:1      | 1164 ||| READING 2 scrolls of identify.
  1164 | D:1      | 1164 ||| IDENTIFYING lumpy ruby potion
  1165 | D:1      | 1165 ||| DROPPING 2 scrolls of amnesia.
  1166 | D:1      | 1166 ||| DROPPING scroll of blinking.
  1167 | D:1      | 1167 ||| DROPPING scroll of magic mapping.
  1168 | D:1      | 1168 ||| DROPPING potion of lignification.
  1330 | D:2      | 1330 ||| Stepping ~*~*~tactically~*~*~ (stealth).
  1428 | D:2      | 1428 ||| FLEEEEING.
  1599 | D:2      | 1599 ||| Stepping ~*~*~tactically~*~*~ (stealth).
  1602 | D:2      | 1602 ||| Stepping ~*~*~tactically~*~*~ (hiding).
  1607 | D:2      | Noticed Robin
  1609 | D:2      | HP: 4/17 [goblin/+0 club[Robin] (5)]
  1610 | D:2      | 1610 ||| DRINKING potion of heal wounds.
  1612 | D:2      | Reached XP level 3. HP: 19/21 MP: 7/7
  1618 | D:2      | Reached skill level 4 in Axes
  1623 | D:2      | HP: 5/21 [Robin/+0 spear (1)]
  1624 | D:2      | HP: 2/21 [Robin/+0 spear (3)]
  1625 | D:2      | Slain by Robin

Levels and vault maps discovered:
D:1:      dpeg_arrival_three_same_balls, layout_basic, nicolae_hexahallways,
          minmay_circled_x
D:2:      layout_basic, chequers_serial_rivers_micro_c,
          hangedman_decor_peaks_small, kennysheep_donut, minmay_misc_feat_roman,
          minmay_misc_feat_nine_boxes, grunt_ministairs_7, uniq_robin

Skill      XL: |  1  2  3 |
---------------+----------+-----
Axes           | 3 4 |  4.1
Fighting       | |  2.0
Throwing       | |  1.0
Armour         | |  1.1
Dodging        | |  2.1
Spellcasting   | |  2.0
Translocations | |  2.4

Action                   || total
-------------------------++-------
Melee: Hand axe          ||    47
       Kick              ||     8
       Peck              ||     5
Throw: Boomerang         ||     7
  Use: Scroll            ||     6
       Potion            ||     2
Armor: Leather armour    ||     1
       Chain mail        ||    40
Dodge: Dodged            ||    19
Block: Other             ||    12

Table legend:
 A = Non-vault XP
 B = Vault XP
 C = Vault XP percentage of total XP
 D = Non-vault monster count
 E = Vault monster count
 F = Vault count percentage of total count
                 A         B        C        D         E       F
            +---------+---------+-------+---------+---------+-------
      Total |      25 |      30 |  54.5 |      17 |      16 |  48.5
            +---------+---------+-------+---------+---------+-------
        D:1 |      11 |       7 |  38.9 |       8 |       4 |  33.3
        D:2 |      14 |      23 |  62.2 |       9 |      12 |  57.1
            +---------+---------+-------+---------+---------+-------
